 Dungeon Sprint DCSS version 0.27-a0-978-g2aa4ecdaef (webtiles) character file.

Game seed: 9227171818734856448

1166 mhtbhm the Geomancer (level 8, -13/44 HPs)
             Began as a Gargoyle Earth Elementalist on Apr 14, 2021.
             Was a Believer of Vehumet.
             Shot with an arrow by a centaur warrior (25 damage)
             ... in the Dungeon (Sprint IX: "|||||||||||||||||||||||||||||").
             The game lasted 00:02:21 (585 turns).

mhtbhm the Geomancer (Gargoyle Earth Elementalist)   Turns: 585, Time: 00:02:22

Health: -13/44     AC:  8    Str: 15    XL:     8   Next: 40%
Magic:  2/22       EV: 15    Int: 18    God:    Vehumet [**....]
Gold:   0          SH:  0    Dex: 10    Spells: 12/27 levels left

rFire    . . .     SeeInvis .   a - +2 dire flail (protect)
rCold    . . .     Faith    .   (shield currently unavailable)
rNeg     + . .     Spirit   .   c - +0 robe
rPois    ∞         Reflect  .   (no helmet)
rElec    +         Harm     .   l - +0 cloak
rCorr    .         Rampage  .   (no gloves)
Will     .....     NoTele   +   (no boots)
Stlth    +++.......             (no amulet)
HPRegen  0.14/turn              m - +3 ring of strength
MPRegen  0.18/turn              n - +2 ring of evasion

@: no status effects
A: AC +5, negative energy resistance 1, electricity resistance, torment
resistance 1, unbreathing 1, petrification resistance
a: Renounce Religion


You were in the Dungeon.
You worshipped Vehumet.
Vehumet was pleased with you.
You visited 1 branch

Inventory:

Hand Weapons
 a - a +2 dire flail of protection (weapon)
Missiles
 b - 10 stones
Armour
 c - a +0 robe (worn)
 l - a +0 cloak (worn)
Jewellery
 m - a +3 ring of strength (left hand)
 n - a +2 ring of evasion (right hand)
Wands
 k - a wand of acid (9)
Scrolls
 i - 2 scrolls of amnesia
 j - a scroll of blinking
Potions
 d - 5 potions of curing
 e - 2 potions of heal wounds
 f - 2 potions of magic
 g - a potion of invisibility
 h - a potion of berserk rage


   Skills:
 + Level 2.1 Fighting
 + Level 1.6 Maces & Flails
 + Level 4.3 Dodging
 + Level 5.4 Stealth
 + Level 10.2 Spellcasting
 + Level 0.3 Conjurations
 + Level 1.3 Transmutations
 + Level 14.5 Earth Magic
 + Level 0.1 Evocations


You had 12 spell levels left.
You knew the following spells:

 Your Spells              Type           Power      Damage    Failure   Level
a - Sandblast             Erth           100%       2d20      1%          1
b - Passwall              Tmut/Erth      30%        N/A       1%          2
c - Stone Arrow           Conj/Erth      70%        3d11      1%          3
d - Lee's Rapid Deconstr  Erth           28%        3d16*     1%          5
e - Petrify               Tmut/Erth      37%        N/A       3%          4

Your spell library contained the following spells:

 Spells                   Type           Power      Damage    Failure   Level
 Freeze                   Ice            36%        1d6       8%          1


Dungeon Overview and Level Annotations

Branches:
Dungeon (1/1)

Altars:
Cheibriados
Dithmenos
Elyvilon
Fedhas
Gozag
Hepliaklqana
Kikubaaqudgha
Makhleb
Nemelex Xobeh
Okawaru
Qazlal
Ru
Sif Muna
Trog
Uskayaw
Vehumet
Wu Jian
Xom
Yredelemnul
Zin
The Shining One
Beogh
Jiyva
Lugonu


Innate Abilities, Weirdness & Mutations

Your stone body is resilient. (AC +5)
You are immune to poison.
You resist negative energy. (rN+)
You are resistant to electric shocks. (rElec)
You are resistant to unholy torment.
You can survive without breathing.
You are immune to petrification.


Message History

Okay, then.
Casting: Lee's Rapid Deconstruction (dangerous; 1% risk of failure)
Confirm with . or Enter, or press ? or * to list all spells.
Aiming: Stone Arrow (safe; 1% risk of failure)
Press: ? - help, Shift-Dir - straight line, f - centaur warrior
Aim: a centaur warrior, wielding a +0 shortbow and quivering arrows (moderately wounded, 19% to evade)
The stone arrow hits the centaur warrior!
The centaur warrior is heavily wounded.
The centaur warrior shoots an arrow.
The arrow hits you.
The centaur warrior shoots an arrow.
The arrow hits you.
Unknown command.
Casting: Stone Arrow (safe; 1% risk of failure)
Confirm with . or Enter, or press ? or * to list all spells.
Aiming: Lee's Rapid Deconstruction (dangerous; 1% risk of failure)
Press: ? - help, Dir - move target, f/p - centaur warrior Fragment what (e.g. wall or brittle monster)?: a centaur warrior, wielding a +0 shortbow and quivering arrows (heavily wounded)
An open door.
The stone door frame shatters!
The blast of rock fragments hits the centaur warrior!!
The centaur warrior is almost dead.
The blast of rock fragments hits the two-headed ogre!!
The two-headed ogre is moderately wounded.
The centaur warrior shoots an arrow.
The arrow hits you!!
* * * LOW HITPOINT WARNING * * *
Unknown command.
Unknown command.
Casting: Lee's Rapid Deconstruction (dangerous; 1% risk of failure)
Confirm with . or Enter, or press ? or * to list all spells.
Aiming: Lee's Rapid Deconstruction (dangerous; 1% risk of failure)
Press: ? - help, Dir - move target, f/p - centaur warrior Fragment what (e.g. wall or brittle monster)?: a centaur warrior, wielding a +0 shortbow and quivering arrows (almost dead)
An open door.
The stone door frame shatters!
The blast of rock fragments hits the centaur warrior.
The centaur warrior is almost dead.
The blast of rock fragments hits the two-headed ogre!!
The two-headed ogre is almost dead.
The centaur warrior shoots an arrow.
The arrow hits you!!
Ouch! That really hurt!
You die... ▓▓▓▓▓▓▓▓▓▓▓▓▓▓▓▓▓▓▓▓▓▓▓▓▓ _'..)..[[).'....@†cOBu... ▓▓▓▓▓▓▓▓▓▓▓▓▓▓▓▓▓▓▓▓▓▓▓▓▓

You could see a boulder beetle, a cyan ugly thing, a centaur warrior and a two-headed ogre.

Vanquished Creatures
  An unseen horror (D)
  A basilisk (D)
  A vampire mosquito (D)
  2 ice beasts (D)
  A necrophage (D)
  2 orc warriors (D)
  An ogre (D)
  A howler monkey (D)
  A hound (D)
  A ball python (D)
  A bat zombie (D)
  An endoplasm (D)
  A giant cockroach (D)
  A goblin (D)
  A ball python zombie (D)
  A kobold (D)
18 creatures vanquished.

Notes
Turn   | Place    | Note
-------+----------+-------------------------------------------
     0 | D        | mhtbhm the Gargoyle Earth Elementalist began the quest for
                  | the Orb.
     0 | D        | Reached XP level 1. HP: 10/10 MP: 3/3
     5 | D        | Reached skill level 4 in Earth Magic
   146 | D        | Reached skill level 5 in Earth Magic
   173 | D        | Noticed an ogre
   173 | D        | Noticed a necrophage
   173 | D        | Noticed an ice beast
   173 | D        | Noticed a hound
   173 | D        | Noticed an ice beast
   187 | D        | Killed an ogre
   188 | D        | Reached skill level 1 in Transmutations
   188 | D        | Reached skill level 8 in Earth Magic
   188 | D        | Reached XP level 2. HP: 15/15 MP: 1/7
   188 | D        | Reached XP level 3. HP: 19/19 MP: 1/8
   188 | D        | Reached XP level 4. HP: 24/24 MP: 1/10
   195 | D        | Killed a necrophage
   196 | D        | Reached skill level 5 in Spellcasting
   196 | D        | Reached skill level 10 in Earth Magic
   196 | D        | Reached XP level 5. HP: 28/28 MP: 5/13
   198 | D        | Killed an ice beast
   199 | D        | Reached skill level 11 in Earth Magic
   199 | D        | Reached XP level 6. HP: 32/32 MP: 2/15
   199 | D        | Killed an ice beast
   200 | D        | Reached skill level 5 in Stealth
   200 | D        | Reached skill level 12 in Earth Magic
   310 | D        | Learned a level 2 spell: Passwall
   314 | D        | Learned a level 3 spell: Stone Arrow
   320 | D        | Learned a level 5 spell: Lee's Rapid Deconstruction
   325 | D        | Learned a level 4 spell: Petrify
   339 | D        | Found a snail-covered altar of Cheibriados.
   339 | D        | Found a shadowy altar of Dithmenos.
   339 | D        | Found a white marble altar of Elyvilon.
   339 | D        | Found a blossoming altar of Fedhas.
   339 | D        | Found an opulent altar of Gozag.
   340 | D        | Found a hazy altar of Hepliaklqana.
   341 | D        | Found a viscous altar of Jiyva.
   342 | D        | Found an ancient bone altar of Kikubaaqudgha.
   343 | D        | Found a corrupted altar of Lugonu.
   344 | D        | Found a burning altar of Makhleb.
   345 | D        | Found a sparkling altar of Nemelex Xobeh.
   346 | D        | Found an iron altar of Okawaru.
   347 | D        | Found a stormy altar of Qazlal.
   348 | D        | Found a sacrificial altar of Ru.
   349 | D        | Found a shimmering blue altar of Sif Muna.
   350 | D        | Found a bloodstained altar of Trog.
   351 | D        | Found a hide-covered altar of Uskayaw.
   352 | D        | Found a radiant altar of Vehumet.
   353 | D        | Found an ornate altar of the Wu Jian Council.
   354 | D        | Found a shimmering altar of Xom.
   355 | D        | Found a basalt altar of Yredelemnul.
   356 | D        | Found a glowing silver altar of Zin.
   357 | D        | Found a glowing golden altar of the Shining One.
   362 | D        | Became a worshipper of Vehumet
   397 | D        | Noticed an orc warrior
   397 | D        | Noticed an orc warrior
   405 | D        | Killed an unseen horror
   405 | D        | Reached * piety under Vehumet
   405 | D        | Offered knowledge of Freeze by Vehumet.
   406 | D        | Reached skill level 1 in Fighting
   406 | D        | Reached skill level 1 in Maces & Flails
   406 | D        | Reached skill level 13 in Earth Magic
   406 | D        | Reached XP level 7. HP: 22/38 MP: 2/19
   435 | D        | Reached XP level 8. HP: 29/44 MP: 2/21
   436 | D        | Reached ** piety under Vehumet
   437 | D        | Reached skill level 14 in Earth Magic
   577 | D        | Noticed a centaur warrior
   577 | D        | Noticed a two-headed ogre
   577 | D        | Noticed a boulder beetle
   577 | D        | Noticed a cyan ugly thing
   582 | D        | Reached skill level 10 in Spellcasting
   585 | D        | Shot with an arrow by a centaur warrior

Illustrated notes

Levels and vault maps discovered:
D:        linesprint [early_d, line_temple, items_1, d_10, items_2, lair_1,
          lair_end, items_3, orc_1, orc_end, items_4, d_15, swamp_1, shoals_1,
          snake_1, spider_1, d_20, vaults_1, items_5, swamp_end, shoals_end,
          snake_end, spider_end, vaults_end, d_27, items_6, zot_1, zot_end,
          crypt_end, forest_end, elf_end, slime_end, tomb_end, abyss_end,
          pan_hell_end]

Skill      XL: |  1  2  3  4  5  6  7  8 |
---------------+-------------------------+-----
Earth Magic    | 8 10 11 13 14 | 14.5
Dodging        | 2 3 4 |  4.3
Stealth        | 3 4 5 |  5.4
Spellcasting   | 4 5 6 8 9 10 | 10.2
Transmutations | 1 |  1.3
Fighting       | 1 2 |  2.1
Maces & Flails | 1 |  1.6
Conjurations   | |  0.3
Evocations     | |  0.1

Action                   |  1- 3 |  4- 6 |  7- 9 || total
-------------------------+-------+-------+-------++-------
Melee: Club              |       |     5 |       ||     5
 Cast: Sandblast         |     9 |    14 |     2 ||    25
       Stone Arrow       |       |     3 |     2 ||     5
       Lee's Rapid Decon |       |     1 |     4 ||     5
Evoke: Wand              |       |       |     1 ||     1
  Use: Potion            |     2 |     1 |     1 ||     4
       Scroll            |     1 |       |       ||     1
Armor: Robe              |       |     6 |     1 ||     7
Dodge: Dodged            |       |     5 |     3 ||     8

Table legend: (Time is in decaauts)
 A = Elapsed time spent in this place.
 B = Non-inter-level travel time spent in this place.
 C = Inter-level travel time spent in this place.
 D = Time resting spent in this place.
 E = Time spent auto-exploring this place.
 F = Levels seen in this place.
 G = Mean time per level.
                   A        B        C        D        E       F      G
               +--------+--------+--------+--------+--------+-----+--------+
         Total |    567 |    567 |      0 |    347 |      3 |   1 |  567.0 |
       Dungeon |    567 |    567 |      0 |    347 |      3 |   1 |  567.0 |
               +--------+--------+--------+--------+--------+-----+--------+

Top non-repeatable levels by time:
       D: 567 daAuts
